 Dungeon Crawl Stone Soup version 0.30-a0-857-gcaf70739d4 (webtiles) character file.

Game seed: 1040181351189146247

2652 bande the Chopper (level 9, -1/55 HPs)
             Began as a Gargoyle Fighter on Mar 6, 2023.
             Slain by Joseph
             ... wielding a +0 quarterstaff
              (14 damage)
             ... on level 7 of the Dungeon.
             The game lasted 00:11:46 (6800 turns).

bande the Chopper (Gargoyle Fighter)                Turns: 6800, Time: 00:11:47

Health: -1/55      AC: 22    Str: 19    XL:     9   Next: 62%
Magic:  9/9        EV: 15    Int: 10    God:
Gold:   293        SH:  5    Dex: 13    Spells: 8/8 levels left

rFire   . . .      SeeInvis .    a - +1 war axe (freeze)
rCold   . . .      Faith    .    c - +0 buckler
rNeg    + . .      Spirit   .    v - +1 acid dragon scales
rPois   ∞          Reflect  .    i - +0 helmet
rElec   +          Rampage  .    (no cloak)
rCorr   +                        (no gloves)
Will    .....                    j - +1 pair of boots
Stlth   +                        (no amulet)
HPRegen 0.29/turn                p - +4 ring of protection
MPRegen 0.11/turn                n - +5 ring of evasion

@: studying Translocations
A: sickness immunity, AC +6, negative energy resistance 1, electricity
resistance, torment resistance 1, petrification resistance, talons 1
a: no special abilities


You were on level 7 of the Dungeon.
You visited 1 branch of the dungeon, and saw 8 of its levels.

You collected 576 gold pieces.
You spent 283 gold pieces at shops.

Inventory:

Hand Weapons
 a - a +1 war axe of freezing (weapon)
 u - a +2 heavy war axe
 z - a +0 flail
Armour
 c - a +0 buckler (worn)
 i - a +0 helmet (worn)
 j - a +1 pair of boots (worn)
 t - a scarf of shadows
 v - +1 acid dragon scales (worn)
Jewellery
 g - a ring of protection from cold
 n - a +5 ring of evasion (right hand)
 p - a +4 ring of protection (left hand)
 q - a ring of resist corrosion
 r - a ring of wizardry
Wands
 f - a wand of roots (6)
 k - a wand of light (20)
 w - a wand of digging (4)
Scrolls
 b - 3 scrolls of fear
 m - 3 scrolls of teleportation
 o - a scroll of blinking
Potions
 d - a potion of might
 e - 2 potions of invisibility
 h - 2 potions of magic
 l - 2 potions of curing
 s - 2 potions of haste
 x - a potion of attraction {unknown}
 A - a potion of flight {unknown}


   Skills:
 + Level 5.8 Fighting
 + Level 7.7 Axes
 + Level 5.6 Armour
 - Level 0.1 Dodging
 + Level 5.7 Shields
 * Level 5.7 Translocations
 * Level 4.0 Evocations


You had 8 spell levels left.
You didn't know any spells.
Your spell library contained the following spells:

 Spells                   Type           Power      Damage    Failure   Level
 Lesser Beckoning         Tloc           22%        N/A       9%          2
 Gell's Gravitas          Tloc           11%        N/A       19%         3
 Teleport Other           Tloc           11%        N/A       19%         3
 Poisonous Vapours        Pois/Air       0%         N/A       67%         2
 Mephitic Cloud           Conj/Pois/Air  0%         N/A       88%         3
 Summon Ice Beast         Ice/Summ       0%         N/A       99%         4
 Blade Hands              Tmut           0%         N/A       100%        5
 Irradiate                Conj/Tmut      0%         3d11      100%        5
 Summon Mana Viper        Hex/Summ       0%         N/A       100%        5
 Dragon Form              Tmut           0%         N/A       100%        7
 Monstrous Menagerie      Summ           0%         N/A       100%        7
 Cigotuvi's Dreadful Rot  Necr/Pois/Air  Unusable   N/A       N/A         2

Dungeon Overview and Level Annotations

Branches:
Dungeon (8/15)             Temple (0/1) D:7
   Lair: D:8-11

Altars:
Cheibriados
Hepliaklqana
Sif Muna
Trog

Shops:
D:3 !   D:4 (:[(?

Annotations:
D:7 Joseph


Innate Abilities, Weirdness & Mutations

You are immune to sickness and miasma.
Your stone body is resilient. (AC +6)
You are immune to poison.
You resist negative energy. (rN+)
You are resistant to electric shocks. (rElec)
You are resistant to unholy torment.
You are immune to petrification.
You have sharp toenails.


Message History

Joseph barely misses your butterfly.
You swap places.
Your butterfly disappears in a burst of colours! x3
The orc priest barely misses you.
Things that are here:
a +0 falchion; an orc corpse Your butterfly disappears in a burst of colours!
The orc priest miscasts a cantrip.
You barely miss the orc priest. You hit Joseph. You freeze Joseph.
Your butterfly disappears in a burst of colours!
The orc priest barely misses you. You block Joseph's attack.
You hit the orc priest. You freeze the orc priest.
The orc priest is lightly wounded.
You hit Joseph but do no damage.
Your butterfly disappears in a burst of colours!
The orc priest closely misses you. Joseph hits you but does no damage.
You hit the orc priest but do no damage.
The orc priest is lightly wounded.
You hit Joseph. You freeze Joseph. The orc priest completely misses you.
Joseph misses you.
You hit the orc priest but do no damage.
The orc priest is lightly wounded.
You hit Joseph but do no damage.
Your butterfly disappears in a burst of colours!
The orc priest mumbles some strange prayers to Beogh against you.
Pain shoots through your body! Joseph barely misses you.
You hit the orc priest but do no damage.
The orc priest is lightly wounded.
You barely miss Joseph.
Your butterfly disappears in a burst of colours!
The orc priest invokes the aid of Beogh against you.
Beogh smites you!
* * * LOW HITPOINT WARNING * * *
You block Joseph's attack. The orc priest barely misses you.
You completely miss the orc priest.
The orc priest is lightly wounded.
You completely miss Joseph.
Your butterfly disappears in a burst of colours! x3
Joseph hits you with a +0 quarterstaff!
You die...

.... ..... .....###.
..... #........ ...##
#....... ....#
......####.....
##...........
####........b#
##.#......b))@#
##...........@o#
#...........bb..§~~.
.##.....<.bb.bb.~§§~~
...........b..b~b§§~~§
.##..........bb§§§>§§~
##.#.......bb~§§§§§~
###........).~§§§§.
#.......##....~§~.


You could see Joseph and an orc priest.

Vanquished Creatures
  Maggie (D:6)
  Grinder (D:4)
  A steam dragon (D:7)
  A water moccasin (D:6)
  An orc warrior (D:7)
  A sky beast (D:6)
  2 black bears (D:5)
  An ogre (D:6)
  2 centaurs
  2 bullfrogs (D:7)
  A scorpion (D:6)
  8 wights (D:6)
  An electric eel (D:6)
  A howler monkey (D:6)
  An orc priest (D:7)
  4 jellies
  A hound (D:5)
  A sleepcap (D:6)
  2 orc wizards (D:5)
  Natasha (thrice) (D:3)
  5 iguanas
  Robin (D:3)
  8 adders
  2 white imps (D:5)
  An ufetubus (D:4)
  A worm (D:2)
  A dart slug (D:2)
  7 orcs
  3 bats
  4 endoplasms
  4 giant cockroaches
  24 goblins
  7 hobgoblins
  2 jackals (D:4)
  3 kobolds
  A quokka (D:5)
  8 ball pythons
  6 frilled lizards
  3 rats (D:1)
127 creatures vanquished.

Vanquished Creatures (others)
  A plant (D:5)
1 creature vanquished.

Grand Total: 128 creatures vanquished

Notes
Turn   | Place    | Note
-------+----------+-------------------------------------------
     0 | D:1      | bande the Gargoyle Fighter began the quest for the Orb.
     0 | D:1      | Reached XP level 1. HP: 14/14 MP: 1/1
   104 | D:1      | Reached XP level 2. HP: 17/19 MP: 2/2
   636 | D:1      | Reached XP level 3. HP: 22/23 MP: 3/3
   671 | D:1      | Reached skill level 2 in Axes
  1233 | D:2      | Reached XP level 4. HP: 28/29 MP: 4/4
  1777 | D:2      | Found a faded altar of an unknown god.
  1917 | D:3      | Noticed Robin
  1928 | D:3      | Reached skill level 3 in Axes
  1938 | D:3      | Killed Robin
  1939 | D:3      | Reached XP level 5. HP: 12/33 MP: 5/5
  2037 | D:3      | Noticed Natasha
  2041 | D:3      | Killed Natasha
  2072 | D:3      | Noticed Natasha
  2083 | D:3      | Killed Natasha
  2250 | D:3      | Noticed Natasha
  2261 | D:3      | Killed Natasha
  2386 | D:3      | Reached XP level 6. HP: 37/38 MP: 6/6
  2611 | D:3      | Identified a scroll of acquirement
  2611 | D:3      | Acquired a manual of Translocations
  2621 | D:3      | Found Pifil's Distillery.
  2813 | D:4      | Reached skill level 4 in Axes
  2954 | D:4      | Noticed Grinder
  2969 | D:4      | Found Soraifuc's Antique Armour Shop.
  2998 | D:4      | Killed Grinder
  2999 | D:4      | Reached skill level 1 in Translocations
  2999 | D:4      | Reached skill level 1 in Evocations
  2999 | D:4      | Reached XP level 7. HP: 20/44 MP: 7/7
  3196 | D:4      | Bought a glowing scarf for 160 gold pieces
  3206 | D:4      | Found Ukonoeh's Antique Weapon Boutique.
  3215 | D:4      | Bought a runed war axe for 123 gold pieces
  3218 | D:4      | Gained mutation: You possess an exceptional clarity of
                  | mind. [potion of mutation]
  3218 | D:4      | Gained mutation: Armour fits poorly on your strangely
                  | shaped body. [potion of mutation]
  3218 | D:4      | Gained mutation: You expend magic power (3 MP) to
                  | strengthen your wands. [potion of mutation]
  3219 | D:4      | Lost mutation: You possess an exceptional clarity of mind.
                  | [potion of mutation]
  3219 | D:4      | Lost mutation: You expend magic power (3 MP) to strengthen
                  | your wands. [potion of mutation]
  3219 | D:4      | Lost mutation: Armour fits poorly on your strangely shaped
                  | body. [potion of mutation]
  3219 | D:4      | Gained mutation: You have sharp toenails. [potion of
                  | mutation]
  3229 | D:4      | Found Ynuagit's Magic Scroll Shoppe.
  3461 | D:4      | Found Lerchor's Antique Weapon Shoppe.
  3744 | D:4      | Found Vaets's Book Boutique.
  3872 | D:5      | Entered Level 5 of the Dungeon
  4333 | D:5      | Reached skill level 5 in Axes
  4333 | D:5      | Reached skill level 5 in Armour
  4437 | D:5      | Reached XP level 8. HP: 43/48 MP: 8/8
  4852 | D:5      | Found a snail-covered altar of Cheibriados.
  4852 | D:5      | Found a bloodstained altar of Trog.
  4852 | D:5      | Found a shimmering blue altar of Sif Muna.
  4891 | D:6      | Noticed Maggie
  4905 | D:6      | Killed Maggie
  4906 | D:6      | Reached skill level 6 in Axes
  5125 | D:6      | Reached skill level 5 in Fighting
  5125 | D:6      | Reached skill level 5 in Shields
  5311 | D:6      | Reached XP level 9. HP: 50/54 MP: 9/9
  5361 | D:6      | You fall into a shaft and drop 2 floors!
  5389 | D:7      | Reached skill level 5 in Translocations
  5661 | D:6      | Reached skill level 7 in Axes
  6755 | D:7      | Found a hazy altar of Hepliaklqana.
  6780 | D:7      | Found a staircase to the Ecumenical Temple.
  6788 | D:7      | Noticed Joseph
  6800 | D:7      | Slain by Joseph

Illustrated notes

Levels and vault maps discovered:
D:1:      scummos_arrival_simple_crosswalls, layout_loops_corners
D:2:      minmay_alternating_diamond, layout_loops_ring,
          shapermc_ecumenical_altar_mp_vishouse, minmay_tetromino_s4
D:3:      layout_rooms, serial_shops, nicolae_lakefront_shop,
          kennysheep_generic_room_11, uniq_natasha, uniq_robin
D:4:      layout_cave_pods, serial_shops, shop, shop, nicolae_diamond_shop,
          shop, shop, minivault_4, uniq_grinder
D:5:      layout_rooms, gammafunk_temple_overflow_forgotten
D:6:      layout_layer_cave, nrook_pool_corridor, dreamdust_wishing_well,
          uniq_maggie
D:7:      wad_crossroads, layout_cave_pools, mainiacjoe_overflow_catwalk,
          minmay_temple_entry_mist, uniq_joseph
D:8:      layout_rooms, gammafunk_temple_of_torment,
          mainiacjoe_overflow_cross_hatched, david_lair_shrubbed, uniq_gastronok

Skill      XL: |  1  2  3  4  5  6  7  8  9 |
---------------+----------------------------+-----
Axes           | 2 3 4 5 6 7 |  7.7
Armour         | 4 5 |  5.6
Fighting       | 4 5 |  5.8
Shields        | 4 5 |  5.7
Translocations | 1 3 4 5 |  5.7
Evocations     | 1 2 3 4 |  4.0
Dodging        | |  0.1

Action                     |  1- 3 |  4- 6 |  7- 9 || total
---------------------------+-------+-------+-------++-------
  Melee: War axe           |    97 |   127 |   255 ||   479
    Use: Scroll            |     3 |    10 |     7 ||    20
         Potion            |       |       |     3 ||     3
 Armour: Scale mail        |    57 |    59 |    59 ||   175
         Acid dragon scale |       |       |    73 ||    73
  Dodge: Dodged            |    48 |    72 |   214 ||   334
  Block: Buckler           |    23 |    33 |    61 ||   117

Table legend: (Time is in decaauts)
 A = Elapsed time spent in this place.
 B = Non-inter-level travel time spent in this place.
 C = Inter-level travel time spent in this place.
 D = Time resting spent in this place.
 E = Time spent auto-exploring this place.
 F = Levels seen in this place.
 G = Mean time per level.
                   A        B        C        D        E       F      G
               +--------+--------+--------+--------+--------+-----+--------+
         Total |   6960 |   6759 |    201 |   1253 |   4245 |   8 |  870.0 |
       Dungeon |   6960 |   6759 |    201 |   1253 |   4245 |   8 |  870.0 |
               +--------+--------+--------+--------+--------+-----+--------+

Top non-repeatable levels by time:
     D:6: 1651 daAuts
     D:5: 1240 daAuts
     D:4: 1114 daAuts
     D:1: 1053 daAuts
     D:3: 915 daAuts
     D:2: 896 daAuts
     D:7: 75 daAuts
     D:8: 14 daAuts
